AoeStats
← Lwk

Pilgrims

508484225Analyzed
4v4 RM · 11d ago on Sep 22, 2026· 27m 55s· 8 players
Game mode
Random Map
Map size
Large (8 player)
Population
200
Speed
Normal
Resources
Standard
Victory
Conquest
Starting age
Dark Age
Ending age
Imperial Age
RankedLock teamsTeams togetherTeam positionsShared explorationLock speedFull tech treeHidden civsTurbo modeCheats
Victory
Defeat
🇷🇴 Vikings · Romania
1320
+11
🇲🇽 Danes · Mexico
1299
+12
🇪🇸 Varangians · Spain
1269
+13
🇺🇸 Malay · United States
1249
+14
🇺🇾 Armenians · Uruguay
1314
-17
🇹🇼 Varangians · Taiwan
1163
-11
🇬🇷 Franks · Greece
1162
-11
1159
-11
Nike man
4:44 Loom
10:48 Feudal Age
17:57 Wheelbarrow
21:22 Castle Age
23:03 Horse Collar
24:10 Husbandry
25:13 Forging
26:46 Double-Bit Axe
27:39 Heavy Plow
derschulerin
3:52 Loom
4:07 Loom
10:14 Feudal Age
11:29 Man-at-Arms
15:13 Double-Bit Axe
15:11 Man-at-Arms
23:34 Fishing Lines
28:42 Castle Age
26:57 Forging
26:46 Arson
navatonsc
8:27 Loom
10:47 Feudal Age
11:21 Double-Bit Axe
12:25 Horse Collar
16:48 Fletching
20:05 Castle Age
18:49 Scale Mail Armor
19:00 Forging
18:38 Arson
21:10 Chain Mail Armor
22:38 Wheelbarrow
23:57 Squires
23:44 Gambesons
26:24 Town Watch
27:40 Hand Cart
Lwk
8:50 Loom
11:10 Feudal Age
16:47 Man-at-Arms
20:07 Castle Age
18:27 Gold Mining
18:24 Double-Bit Axe
27:38 Fletching
boo
冰水一壺
3:53 Loom
15:31 Feudal Age
16:25 Fishing Lines
16:42 Horse Collar
16:49 Double-Bit Axe
20:40 Castle Age
22:00 Gillnets
22:31 Squires
24:02 Wheelbarrow
24:04 Gold Mining
25:17 Arson
25:21 Gambesons
29:16 Imperial Age
美团外卖总教练
1:53 Loom
2:00 Loom
17:30 Feudal Age
19:25 Wheelbarrow
19:42 Fishing Lines
25:13 Double-Bit Axe
Gabriel93
5:50 Loom
8:29 Feudal Age
9:25 Double-Bit Axe
11:41 Wheelbarrow
10:59 Man-at-Arms
12:09 Long Swordsman
15:05 Arson
15:56 Horse Collar
23:42 Castle Age
22:32 Gold Mining
24:22 Forging
24:13 Scale Mail Armor
23:49 Crossbowman
Connection lost

Rejoining the realm…

Still unreachable

The connection could not be restored.

Session expired

The server has moved on; the page needs a fresh start.